 Dungeon Crawl Stone Soup version 0.26-a0-520-g952f204493 (webtiles) character file.

Game seed: 17629014172232737311

148 ANON1729 the Sneak (level 5, -6/27 HPs)
             Began as a Spriggan Brigand on Aug 12, 2020.
             Mangled by an iguana (13 damage)
             ... on level 4 of the Dungeon.
             The game lasted 00:02:41 (3279 turns).

ANON1729 the Sneak (Spriggan Brigand)               Turns: 3279, Time: 00:02:42

Health: -6/27      AC:  3    Str:  7    XL:     5   Next: 8%
Magic:  6/6        EV: 19    Int: 13    God:
Gold:   108        SH:  0    Dex: 18    Spells: 4/4 levels left

rFire    . . .     SeeInvis +   a - +2 dagger
rCold    . . .     Faith    .   (shield restricted)
rNeg     . . .     Spirit   .   b - +0 robe
rPois    .         Reflect  .   (helmet restricted)
rElec    .         Harm     .   c - +0 cloak
rCorr    .                      (gloves unavailable)
MR       .....                  (boots unavailable)
Stlth    ++++......             (no amulet)
HPRegen  0.09/turn              (no ring)
MPRegen  0.10/turn              (no ring)

@: very quick
A: very small, unfitting armour, see invisible, speed 3
a: no special abilities


You were on level 4 of the Dungeon.
You visited 1 branch of the dungeon, and saw 4 of its levels.

You collected 108 gold pieces.

Inventory:

Hand Weapons
 a - a +2 dagger (weapon)
Missiles
 d - 3 poisoned darts (quivered)
 e - 2 curare-tipped darts
Armour
 b - a +0 robe (worn)
 c - a +0 cloak (worn)
Jewellery
 j - an uncursed ring of fire {unknown}
 m - an uncursed ring of fire {unknown}
 p - a cursed -4 ring of protection {unknown}
Scrolls
 h - 4 scrolls of identify {unknown}
 i - a scroll of enchant armour {unknown}
 k - 2 scrolls of enchant weapon {unknown}
 r - 2 scrolls of remove curse {unknown}
 t - a scroll of teleportation {unknown}
Potions
 f - 2 potions of might {unknown}
 g - a potion of haste {unknown}
 l - a potion of heal wounds {unknown}
 n - a potion of curing {unknown}
 o - a potion of invisibility {unknown}
 q - a potion of flight {unknown}
 s - a potion of resistance {unknown}


   Skills:
 + Level 2.3 Fighting
 + Level 3.3 Short Blades
 + Level 2.9 Throwing
 + Level 3.3 Dodging
 + Level 6.8 Stealth


You had 4 spell levels left.
You didn't know any spells.
Your spell library was empty.

Dungeon Overview and Level Annotations

Branches:
Dungeon (4/15)
 Temple: D:4-7

Altars:
Gozag
Zin


Innate Abilities, Weirdness & Mutations

You are very small and have problems with some larger weapons.
You are too small for most types of armour.
You have supernaturally acute eyesight. (SInv)
You cover ground extremely quickly.


Message History

You are too injured to fight recklessly!
You are too injured to fight recklessly!
You are too injured to fight recklessly!
You are too injured to fight recklessly!
You are too injured to fight recklessly!
Throwing (i - inventory. (/) - cycle)
d - 5 poisoned darts (quivered)
Press: ? - help, Shift-Dir - straight line, f - iguana
Aim: an iguana (moderately wounded)
You throw a poisoned dart.
The poisoned dart barely misses the iguana.
The iguana bites you.
* * * LOW HITPOINT WARNING * * *
Throwing (i - inventory. (/) - cycle)
d - 4 poisoned darts (quivered)
Press: ? - help, Shift-Dir - straight line, f/p - iguana
Aim: an iguana (moderately wounded)
You throw a poisoned dart. The poisoned dart hits the iguana!
The iguana is poisoned.
The iguana is moderately wounded.
The iguana bites you!
You die...

......†[...## #.#
##.####.....###.####..
#.###..........> #.#
###...###... ..# #.#.#
... .### ##.#.# .. #.
#....#.# # #(#....#
#.#@.#.# #.#l.# #
#.#.## ..#.# #.#.#
#.#.. ... .(.


You could see an iguana (very poisoned).

Vanquished Creatures
  A hound (D:3)
  A bullfrog skeleton (D:4)
  2 adders
  An ooze (D:1)
  A worm (D:3)
  A dart slug (D:3)
  5 leopard geckos
  3 orcs
  3 giant cockroaches
  4 goblins
  7 hobgoblins
  2 jackals (D:4)
  6 bats
  6 frilled lizards
  7 kobolds
  7 rats
57 creatures vanquished.

Notes
Turn   | Place    | Note
-------+----------+-------------------------------------------
     0 | D:1      | ANON1729 the Spriggan Brigand began the quest for the Orb.
     0 | D:1      | Reached XP level 1. HP: 10/10 MP: 2/2
   201 | D:1      | Reached skill level 6 in Stealth
   230 | D:1      | Reached XP level 2. HP: 14/15 MP: 3/3
   754 | D:2      | Reached XP level 3. HP: 18/18 MP: 4/4
  2028 | D:3      | Reached XP level 4. HP: 23/23 MP: 5/5
  2088 | D:3      | Found a glowing silver altar of Zin.
  2088 | D:3      | Found an opulent altar of Gozag.
  2463 | D:4      | HP: 1/23 [orc/+0 hand axe (7)]
  3226 | D:4      | Reached XP level 5. HP: 21/27 MP: 6/6
  3279 | D:4      | Mangled by an iguana

Illustrated notes

Levels and vault maps discovered:
D:1:      minmay_arrival_four_houses, layout_basic
D:2:      layout_basic, nrook_uturn
D:3:      layout_basic, grunt_temple_overflow_gold_and_silver,
          kennysheep_generic_room_13
D:4:      layout_rooms, chequers_temple_overflow_statue_of_worship

Skill      XL: |  1  2  3  4 |
---------------+-------------+-----
Stealth        | 6 |  6.8
Dodging        | 2 3 |  3.3
Fighting       | 2 |  2.3
Short Blades   | 3 |  3.3
Throwing       | |  2.9

Action                   |  1- 3 |  4- 6 || total
-------------------------+-------+-------++-------
Melee: Dagger            |   138 |    69 ||   207
Throw: Dart              |    11 |     2 ||    13
 Stab: Sleeping          |    11 |     6 ||    17
       Distracted        |       |     1 ||     1
Armor: Robe              |    19 |     3 ||    22
Dodge: Dodged            |   113 |    53 ||   166

Table legend: (Time is in decaauts)
 A = Elapsed time spent in this place.
 B = Non-inter-level travel time spent in this place.
 C = Inter-level travel time spent in this place.
 D = Time resting spent in this place.
 E = Time spent auto-exploring this place.
 F = Levels seen in this place.
 G = Mean time per level.
                   A        B        C        D        E       F      G
               +--------+--------+--------+--------+--------+-----+--------+
         Total |   2564 |   2485 |     79 |   1252 |    863 |   4 |  641.0 |
       Dungeon |   2564 |   2485 |     79 |   1252 |    863 |   4 |  641.0 |
               +--------+--------+--------+--------+--------+-----+--------+

Top non-repeatable levels by time:
     D:3: 1401 daAuts
     D:2: 643 daAuts
     D:1: 453 daAuts
     D:4: 65 daAuts
